 Dungeon Crawl Stone Soup version 0.18.1-50-g88ac8fd (webtiles) character file.

8778 negitausen the Protected (level 11, -11/130 HPs)
             Began as a Demonspawn Berserker on Sept 14, 2016.
             Was a High Priest of Trog.
             Mangled by an orc warrior
             ... wielding a +0 bardiche
              (23 damage)
             ... in a bailey on Sept 15, 2016.
             The game lasted 01:00:21 (7099 turns).

negitausen the Protected (Demonspawn Berserker)     Turns: 7099, Time: 01:00:22

Health: -11/130    AC: 20    Str: 27    XL:     11   Next: 14%
Magic:  0/12       EV: 11    Int:  8    God:    Trog [*****.]
Gold:   144        SH:  5    Dex: 19    Spells: 0 memorised, 10 levels left

rFire  . . .     SeeInvis .     T - +3 morningstar (protect)
rCold  . . .     Gourm    +     r - +0 plate armour
rNeg   . . .     Faith    .     A - +0 buckler
rPois  +         Spirit   +     (helmet unavailable)
rElec  .         Dismiss  .     E - +0 cloak
rCorr  .         Reflect  .     (no gloves)
SustAt .         Harm     .     (no boots)
MR     .....     Clarity  +     Q - amulet of the gourmand
Stlth  ..........               S - ring of poison resistance
                                G - +5 ring of dexterity

@: berserking, very quick, not resistant to hostile enchantments, extremely
unstealthy
A: beak, horns 3, camouflage 1, berserk 1, clarity, high mp 1, nightstalker 2,
strong 1, wild magic 1, magic shield, magic regeneration
a: Berserk, Trog's Hand, Brothers in Arms, Burn Spellbooks, Renounce Religion


You were in a bailey.
You worshipped Trog.
Trog was extremely pleased with you.
You were very full.

You visited 2 branches of the dungeon, and saw 12 of its levels.
You visited 1 bazaar.
You also visited: Bailey.

You collected 640 gold pieces.
You spent 496 gold pieces at shops.

Inventory:

Hand Weapons
 a - a +0 mace
 g - a +1 mace of draining
 s - a +2 flail of protection
 K - a +0 arbalest
 T - a +3 morningstar of protection (weapon)
Missiles
 i - 119 arrows
 p - 5 tomahawks (quivered)
 y - 4 silver tomahawks
 O - a throwing net
Armour
 b - a +0 animal skin
 f - a +1 helmet
 h - a +0 ring mail
 j - a +0 leather armour
 r - a +0 plate armour (worn)
 u - a +0 scale mail
 A - a +0 buckler (worn)
 E - a +0 cloak (worn)
 R - a mottled dragon hide
 U - a cursed +0 scale mail
Jewellery
 o - an uncursed ring of flight
 z - an uncursed ring of protection from cold
 G - a +5 ring of dexterity (left hand)
 H - an uncursed ring of sustain attributes
 J - an uncursed ring of wizardry
 Q - an amulet of the gourmand (around neck)
 S - a ring of poison resistance (right hand)
Wands
 m - a wand of lightning (15/15)
 D - a wand of acid (2/15)
 M - a wand of lightning (10/15)
 P - a wand of polymorph (13/24)
Scrolls
 n - a scroll of immolation
 q - 12 scrolls of identify
 v - 6 scrolls of remove curse
 B - a scroll of recharging
 F - 2 scrolls of teleportation
 L - 3 scrolls of enchant armour
 N - a scroll of blinking
Potions
 d - 2 potions of agility
 e - 3 potions of flight
 w - a potion of resistance
 x - 3 potions of heal wounds
 I - 6 potions of curing
 W - a potion of might
Books
 C - a book of Misfortune

   Spells                             Type                      Level
   a - Confusing Touch                Hexes                        2
   b - Confuse                        Hexes                        3
   c - Gell's Gravitas                Hexes/Translocation          3
   d - Petrify                        Transmutation/Earth          4
   e - Metabolic Englaciation         Hexes/Ice                    5
   f - Yara's Violent Unravelling     Hexes/Transmutation          5
   Trog disapproves of the use of such an item.
Comestibles
 c - 4 bread rations
 k - 3 slices of pizza
 l - 2 royal jellies
 t - 2 meat rations
 V - 8 chunks of flesh


   Skills:
 + Level 8.5 Fighting
 + Level 8.3 Maces & Flails
 + Level 0.1 Throwing
 + Level 9.4 Armour
 + Level 5.0 Dodging
 + Level 4.6 Stealth
 + Level 3.6 Shields


You had 10 spell levels left.
You didn't know any spells.

Dungeon Overview and Level Annotations

Branches:
Dungeon (11/15)            Temple (1/1) D:6            Lair (0/8) D:9
    Orc: D:9-12

Altars:
Ashenzari
Cheibriados
Dithmenos
Elyvilon
Gozag
Kikubaaqudgha
Makhleb
Pakellas
Qazlal
Sif Muna
Trog
Xom
Yredelemnul
Zin
The Shining One

Shops:
D:4 :

Annotations:
D:9 Lair


Innate Abilities, Weirdness & Mutations

You have a pair of large horns on your head.
You are significantly more attuned to the shadows.
When hurt, damage is shared between your health and your magic reserves.
You regenerate magic rapidly.
You have a beak for a mouth.
Your skin changes colour to match your surroundings (Stealth).
You tend to lose your temper in combat.
You possess an exceptional clarity of mind.
You have an increased reservoir of magic (+10% MP).
Your muscles are strong. (Str +2)
Your spells are a little harder to cast, but a little more powerful.


Message History

The orc knight hits you but does no damage.
The orc hits you from afar with a halberd.
* * * LOW HITPOINT WARNING * * *
You sock the orc warrior!
You kill the orc warrior!
Trog accepts your kill. You block the orc warrior's attack.
The orc knight roars a battlecry!
The orcs go into a battle-frenzy!
You block the orc knight's attack. You block the orc warrior's attack.
The orc hits you with a halberd!
* * * LOW HITPOINT WARNING * * *
The orc hits you but does no damage.
There is an open door, spattered with blood here.
Items here: ))) [[[ † You impale the orc knight!!
You headbutt the orc knight.
The orc knight is moderately wounded.
The orc completely misses you.
The orc warrior hits you with a bardiche!!
You die...

#.))))..#
#..)....#
##.....##
###'###
#...#
#...#
#.))#
#.).#
###@###
##)oooo##
#.))oo..#
#.......#
#.......#
#.......#
#.......#
##.....##
##'''##


You could see an orc knight, 2 orc warriors and 3 orcs.

Vanquished Creatures
  Josephine (D:11)
  An unseen horror (D:7)
  An orc knight (Bailey)
  Maurice (D:11)
  Joseph (D:8)
  A two-headed ogre (D:11)
  5 wraiths (D:11)
  A wyvern (D:5)
  4 hippogriffs
  2 hungry ghosts
  Edmund (D:4)
  A mottled dragon (D:11)
  A water moccasin (D:11)
  Duvessa (D:4)
  4 sky beasts
  7 orc warriors
  2 black bears
  A phantom (D:6)
  6 ogres
  4 centaurs
  6 giant frogs
  Dowan (D:4)
  A scorpion (D:4)
  7 killer bees
  A crimson imp (D:5)
  A centaur zombie (D:11)
  A jelly (D:8)
  A quasit (D:9)
  4 orc priests
  3 giant frog zombies
  3 hounds
  10 orc wizards
  Ijyb (D:3)
  An iguana (D:5)
  13 worker ants
  A hound skeleton (D:6)
  A worker ant zombie (D:6)
  8 adders
  4 gnolls (D:9)
  An ooze (D:2)
  An adder skeleton (D:7)
  A worm (D:2)
  4 dart slugs
  5 giant geckos
  53 orcs
  6 bats
  2 giant cockroaches
  3 goblins
  4 hobgoblins
  A jackal (D:6)
  3 quokkas
  2 ball pythons
  3 giant newts (D:2)
  4 kobolds
  8 rats
215 creatures vanquished.

Notes
Turn   | Place    | Note
--------------------------------------------------------------
     0 | D:1      | negitausen the Demonspawn Berserker began the quest for the Orb.
     0 | D:1      | Reached XP level 1. HP: 18/18 MP: 1/1
   102 | D:1      | Gained mutation: You are slightly more attuned to the shadows. [demonic ancestry]
   102 | D:1      | Reached XP level 2. HP: 24/24 MP: 2/2
   223 | D:1      | You fall through a shaft!
   476 | D:2      | Reached skill level 2 in Armour
   476 | D:2      | Gained mutation: When hurt, damage is shared between your health and your magic reserves. [demonic ancestry]
   476 | D:2      | Reached XP level 3. HP: 25/29 MP: 3/3
   502 | D:2      | Found a deep blue altar of Sif Muna.
   525 | D:2      | Reached ** piety under Trog
   664 | D:2      | Found a white marble altar of Elyvilon.
   724 | D:2      | Found a snail-covered altar of Cheibriados.
   851 | D:3      | Found a shimmering altar of Xom.
   852 | D:3      | Found a shimmering altar of Xom.
   897 | D:3      | Noticed Ijyb
   913 | D:3      | Killed Ijyb
   913 | D:3      | Gained mutation: You are significantly more attuned to the shadows. [demonic ancestry]
   913 | D:3      | Reached XP level 4. HP: 35/35 MP: 4/4
   940 | D:3      | Gained mutation: Your skin changes colour to match your surroundings (Stealth). [potion of mutation]
   940 | D:3      | Gained mutation: Your spells are a little harder to cast, but a little more powerful. [potion of mutation]
   940 | D:3      | Gained mutation: You have an increased reservoir of magic (+10% MP). [potion of mutation]
   971 | D:3      | Found a shimmering altar of Xom.
  1079 | D:3      | Found a shadowy altar of Dithmenos.
  1202 | D:4      | Found Kiboib's Book Shop.
  1267 | D:4      | Noticed an ogre
  1277 | D:4      | Killed an ogre
  1277 | D:4      | Reached skill level 1 in Stealth
  1277 | D:4      | Gained mutation: You have a pair of small horns on your head. [demonic ancestry]
  1277 | D:4      | Reached XP level 5. HP: 27/41 MP: 2/5
  1392 | D:4      | Reached skill level 3 in Armour
  1392 | D:4      | Gained mutation: You regenerate magic rapidly. [demonic ancestry]
  1392 | D:4      | Reached XP level 6. HP: 10/48 MP: 2/6
  1488 | D:4      | You fall through a shaft!
  1488 | D:5      | Entered Level 5 of the Dungeon
  1741 | D:4      | Noticed Edmund
  1757 | D:4      | Killed Edmund
  1808 | D:4      | Reached XP level 7. HP: 50/54 MP: 7/7
  1938 | D:4      | Reached skill level 4 in Armour
  1982 | D:4      | Noticed Duvessa
  1982 | D:4      | Noticed Dowan
  1994 | D:4      | Killed Duvessa
  1999 | D:4      | Killed Dowan
  2163 | D:5      | Noticed a wyvern
  2174 | D:5      | Killed a wyvern
  2174 | D:5      | Reached skill level 5 in Fighting
  2174 | D:5      | Reached XP level 8. HP: 24/62 MP: 5/8
  2232 | D:5      | Reached *** piety under Trog
  2330 | D:5      | Reached skill level 5 in Maces & Flails
  2438 | D:5      | Reached skill level 5 in Armour
  2776 | D:6      | Found a staircase to the Ecumenical Temple.
  2783 | Temple   | Entered the Ecumenical Temple
  3044 | D:6      | Found a bloodstained altar of Trog.
  3099 | D:6      | You fall through a shaft for 3 floors!
  3146 | D:9      | Reached skill level 6 in Armour
  3545 | D:7      | Gained mutation: You have a pair of horns on your head. [demonic ancestry]
  3545 | D:7      | Reached XP level 9. HP: 53/69 MP: 9/9
  3623 | D:7      | Reached **** piety under Trog
  3639 | D:7      | Gained mutation: You possess an exceptional clarity of mind. [potion of beneficial mutation]
  3980 | D:7      | Reached skill level 7 in Armour
  4053 | D:7      | Killed an unseen horror
  4251 | D:8      | Found a glowing silver altar of Zin.
  4390 | D:8      | Gained mutation: You tend to lose your temper in combat. [potion of mutation]
  4390 | D:8      | Gained mutation: You have a beak for a mouth. [potion of mutation]
  4412 | D:8      | Noticed Joseph
  4429 | D:8      | Killed Joseph
  4429 | D:8      | Reached skill level 1 in Shields
  4598 | D:8      | Reached skill level 8 in Armour
  4829 | D:9      | Gained mutation: You have a pair of large horns on your head. [demonic ancestry]
  4829 | D:9      | Reached XP level 10. HP: 43/79 MP: 11/11
  4936 | D:9      | Found a staircase to the Lair.
  5440 | D:10     | Entered Level 10 of the Dungeon
  6275 | D:11     | Reached ***** piety under Trog
  6380 | D:11     | Found a flickering gateway to a bazaar.
  6395 | Bazaar   | Entered a bazaar
  6396 | Bazaar   | Found Taqipp's Magic Scroll Shop.
  6404 | Bazaar   | Found Fafoipp's Weapon Shoppe.
  6422 | Bazaar   | Found Miputs's Gadget Shoppe.
  6429 | Bazaar   | Found Ufergh's Jewellery Boutique.
  6435 | Bazaar   | Bought an uncursed ring of poison resistance for 300 gold pieces
  6443 | Bazaar   | Found Nokkif's General Store.
  6484 | Bazaar   | Bought a +3 morningstar of protection for 196 gold pieces
  6564 | D:11     | Noticed Maurice
  6567 | D:11     | Noticed Josephine
  6582 | D:11     | Killed Josephine
  6582 | D:11     | Reached skill level 9 in Armour
  6613 | D:11     | Killed Maurice
  6645 | D:11     | Reached skill level 5 in Dodging
  6672 | D:11     | Reached XP level 11. HP: 44/87 MP: 10/12
  6675 | D:11     | Found a flagged portal.
  6862 | Bailey   | Entered a bailey
  7050 | Bailey   | Gained mutation: Your muscles are strong. (Str +2) [potion of beneficial mutation]
  7056 | Bailey   | Noticed an orc knight
  7061 | Bailey   | Noticed an orc knight
  7087 | Bailey   | Killed an orc knight
  7099 | Bailey   | Mangled by an orc warrior

Skill      XL: |  1  2  3  4  5  6  7  8  9 10 |
---------------+-------------------------------+-----
Maces & Flails | 3 4 5 6 8 |  8.3
Dodging        | 2 3 4 5 |  5.0
Armour         | 2 3 4 6 8 9 |  9.4
Stealth        | 1 2 3 4 |  4.6
Fighting       | 4 5 6 7 8 |  8.5
Shields        | 1 3 |  3.6
Throwing       | |  0.1

Action                   |  1- 3 |  4- 6 |  7- 9 | 10-12 || total
-------------------------+-------+-------+-------+-------++-------
Melee: Mace              |    94 |    54 |   370 |   128 ||   646
       Headbutt          |       |     6 |    97 |    53 ||   156
       Peck              |       |       |    16 |    65 ||    81
       Morningstar       |       |       |       |   106 ||   106
Throw: Tomahawk          |       |       |       |     2 ||     2
Invok: Berserk           |       |       |     1 |     2 ||     3
       Burn Spellbooks   |       |       |     2 |     1 ||     3
       Brothers in Arms  |       |       |       |     1 ||     1
  Use: Scroll            |     5 |     3 |     6 |     4 ||    18
       Potion            |     5 |     3 |     5 |     4 ||    17
 Stab: Sleeping          |     6 |     6 |     2 |     2 ||    16
  Eat: Beef jerky        |       |     1 |       |       ||     1
       Fruit             |       |     1 |     3 |       ||     4
       Bread ration      |       |       |     1 |       ||     1
       Chunk             |       |       |     7 |    13 ||    20
       Meat ration       |       |       |       |     1 ||     1
       Pizza             |       |       |       |     1 ||     1
Armor: Animal skin       |     1 |       |       |       ||     1
       Ring mail         |    33 |       |       |       ||    33
       Scale mail        |     8 |     5 |       |       ||    13
       Plate armour      |       |    13 |   313 |   206 ||   532
Dodge: Dodged            |    49 |    18 |   138 |   142 ||   347
Block: Buckler           |       |       |    30 |    97 ||   127
